 Dungeon Sprint DCSS version 0.17.0-24-gcfadda4 (webtiles) character file.

1223 Kidiri the Protected (level 8, -8/80 HPs)
             Began as a Minotaur Fighter on Nov 17, 2015.
             Was a Follower of Okawaru.
             Mangled by a red ugly thing (22 damage)
             ... in the Dungeon (Sprint IX: "|||||||||||||||||||||||||||||").
             The game lasted 00:02:36 (442 turns).

Kidiri the Protected (Minotaur Fighter)              Turns: 442, Time: 00:02:36

Health: -8/80      AC: 16    Str: 23    XL:     8   Next: 23%
Magic:  8/10       EV: 16    Int:  5    God:    Okawaru [*.....]
Gold:   0          SH: 14    Dex: 13    Spells: 0 memorised, 7 levels left

rFire  . . .     SeeInvis .     q - +1 broad axe (chop)
rCold  . . .     Clarity  .     r - +1 chain mail
rNeg   . . .     SustAt   .     c - +0 shield
rPois  .         Gourm    .     (helmet restricted)
rElec  .         Spirit   .     a - +0 cloak
rCorr  .         Warding  .     (no gloves)
rMut   .         NoTele   +     (no boots)
MR     .....                    (no amulet)
Stlth  ..........               s - +3 ring of dexterity
                                b - +2 ring of evasion

@: heroism, not resistant to hostile enchantments, extremely unstealthy
A: retaliatory headbutt, horns 2
a: Heroism, Renounce Religion


You were in the Dungeon.
You worshipped Okawaru.
Okawaru was aware of your devotion.
You were not hungry.

You visited 1 branch

Inventory:

Hand Weapons
 q - a +1 broad axe of chopping (weapon)
Armour
 a - a +0 cloak (worn)
 c - a +0 shield (worn)
 r - a +1 chain mail (worn)
Jewellery
 b - a +2 ring of evasion (left hand)
 s - a +3 ring of dexterity (right hand)
Wands
 p - a wand of draining (7)
Scrolls
 k - 2 scrolls of blinking
 n - 3 scrolls of remove curse
 o - 2 scrolls of amnesia
Potions
 d - a potion of might
 f - 5 potions of curing
 g - 2 potions of heal wounds
 h - a potion of haste
 i - 4 potions of magic
 j - a potion of berserk rage
 m - a potion of invisibility
Comestibles
 e - a bread ration
 l - 2 chunks of flesh


   Skills:
 * Level 10.5(15.5) Fighting
 * Level 10.1(15.1) Axes
 * Level 10.5(15.5) Armour
 + Level 6.2(11.2) Dodging
 * Level 10.5(15.5) Shields
 + Level 4.9 Invocations


You had 7 spell levels left.
You didn't know any spells.

Dungeon Overview and Level Annotations

Branches:
Dungeon (1/1)

Altars:
Cheibriados
Dithmenos
Elyvilon
Fedhas
Gozag
Kikubaaqudgha
Makhleb
Nemelex Xobeh
Okawaru
Qazlal
Ru
Sif Muna
Trog
Vehumet
Xom
Yredelemnul
Zin
The Shining One
Beogh
Jiyva
Lugonu


Innate Abilities, Weirdness & Mutations

You reflexively headbutt those who attack you in melee.
You have a pair of horns on your head.


Message History

The red ugly thing is moderately wounded.
The red ugly thing headbutts you.
You are engulfed in flames!!
* * * LOW HITPOINT WARNING * * *
You hit the red ugly thing but do no damage.
The red ugly thing is moderately wounded.
The red ugly thing barely misses you. You furiously retaliate!
You headbutt the red ugly thing! You slice the red ugly thing!!
Your headbutt misses the red ugly thing.
The red ugly thing is severely wounded.
The red ugly thing misses you.
You closely miss the red ugly thing.
The red ugly thing is severely wounded.
You block the red ugly thing's attack.
You closely miss the red ugly thing.
The red ugly thing is severely wounded.
The red ugly thing headbutts you!
* * * LOW HITPOINT WARNING * * *
You are engulfed in flames!!
You die... ▓▓▓▓▓▓▓▓▓▓▓▓▓▓▓▓▓▓▓▓▓▓▓▓ ...FaZu@....['..[[.)|..' ▓▓▓▓▓▓▓▓▓▓▓▓▓▓▓▓▓▓▓▓▓▓▓▓

You could see a red ugly thing, a giant frog, a worker ant and an adder zombie.

Vanquished Creatures
  A gargoyle (D)
  2 yaks (D)
  A hippogriff (D)
  A phantom (D)
  A centaur (D)
  An orc priest (D)
  A hound (D)
  An ooze (D)
  A giant gecko (D)
  An orc (D)
  A giant cockroach (D)
  A jackal (D)
  A jackal skeleton (D)
  3 rats (D)
17 creatures vanquished.

Vanquished Creatures (others)
  An unseen horror (D)
1 creature vanquished.

Grand Total: 18 creatures vanquished

Notes
Turn   | Place    | Note
--------------------------------------------------------------
     0 | D        | Kidiri the Minotaur Fighter began the quest for the Orb.
     0 | D        | Reached XP level 1. HP: 19/19 MP: 0/0
     8 | D        | Reached skill level 4 in Fighting
    11 | D        | Reached skill level 1 in Dodging
    18 | D        | Reached XP level 2. HP: 22/27 MP: 1/1
    70 | D        | Noticed a centaur
    83 | D        | Killed a centaur
    83 | D        | Reached skill level 6 in Fighting
    83 | D        | Reached skill level 5 in Axes
    83 | D        | Reached skill level 5 in Shields
    83 | D        | Reached XP level 3. HP: 17/37 MP: 2/2
    83 | D        | Reached XP level 4. HP: 20/44 MP: 3/3
   104 | D        | Found a glowing silver altar of Zin.
   104 | D        | Found a glowing golden altar of the Shining One.
   104 | D        | Found an ancient bone altar of Kikubaaqudgha.
   104 | D        | Found a basalt altar of Yredelemnul.
   104 | D        | Found a shimmering altar of Xom.
   104 | D        | Found a radiant altar of Vehumet.
   105 | D        | Found an iron altar of Okawaru.
   106 | D        | Found a burning altar of Makhleb.
   107 | D        | Found a deep blue altar of Sif Muna.
   108 | D        | Found a bloodstained altar of Trog.
   109 | D        | Found a sparkling altar of Nemelex Xobeh.
   110 | D        | Found a white marble altar of Elyvilon.
   111 | D        | Found a roughly hewn altar of Beogh.
   112 | D        | Found a viscous altar of Jiyva.
   113 | D        | Became a worshipper of Warmaster Okawaru
   114 | D        | Found a corrupted altar of Lugonu.
   115 | D        | Found a blossoming altar of Fedhas.
   116 | D        | Found a snail-covered altar of Cheibriados.
   117 | D        | Found a shadowy altar of Dithmenos.
   118 | D        | Found a stormy altar of Qazlal.
   119 | D        | Found an opulent altar of Gozag.
   120 | D        | Found a sacrificial altar of Ru.
   273 | D        | Noticed an orc priest
   273 | D        | Noticed a gargoyle
   273 | D        | Noticed a phantom
   273 | D        | Noticed a yak
   273 | D        | Noticed a hound
   275 | D        | Killed a hound
   279 | D        | Killed a yak
   279 | D        | Reached skill level 7 in Fighting
   279 | D        | Reached XP level 5. HP: 47/53 MP: 3/5
   285 | D        | Killed an unseen horror
   285 | D        | Reached skill level 9 in Fighting
   285 | D        | Reached skill level 5 in Dodging
   285 | D        | Reached XP level 6. HP: 37/63 MP: 3/7
   285 | D        | Reached XP level 7. HP: 41/70 MP: 3/8
   296 | D        | Killed a gargoyle
   299 | D        | Killed an orc priest
   299 | D        | Reached skill level 10 in Fighting
   299 | D        | Reached skill level 10 in Armour
   301 | D        | Killed a phantom
   301 | D        | Reached * piety under Okawaru
   301 | D        | Reached skill level 10 in Shields
   428 | D        | Noticed a giant frog
   428 | D        | Noticed a worker ant
   428 | D        | Noticed a red ugly thing
   428 | D        | Noticed a hippogriff
   428 | D        | Noticed a yak
   432 | D        | Killed a yak
   432 | D        | Reached XP level 8. HP: 78/80 MP: 7/10
   436 | D        | Killed a hippogriff
   436 | D        | Reached skill level 10 in Axes
   442 | D        | Mangled by a red ugly thing

Action                   |  1- 3 |  4- 6 |  7- 9 || total
-------------------------+-------+-------+-------++-------
Melee: War axe           |    25 |     2 |       ||    27
       Broad axe         |       |    11 |    28 ||    39
Invok: Heroism           |       |       |     1 ||     1
  Use: Potion            |       |       |     1 ||     1
